 Dungeon Crawl Stone Soup version 0.31-a0-845-g9abc20d24f (webtiles) character file.

Game seed: 4640149604436927306

1748730 MackTheKnife the Purifying Minotaur (level 27, 429/430 HPs)
             Began as a Minotaur Artificer on Oct 2, 2023.
             Was a High Priest of Elyvilon.
             Escaped with the Orb
             ... and 3 runes!
             The game lasted 01:58:43 (65707 turns).

MackTheKnife the Purifying Minotaur (MiAr)         Turns: 65707, Time: 01:58:44

Health: 429/430    AC: 36    Str: 23    XL:     27
Magic:  70/70      EV: 40    Int: 12    God:    Elyvilon [*****.]
Gold:   1151       SH:  0    Dex: 25    Spells: 16/26 levels left

rFire   + + .        Y - +7 battleaxe of Waamaha {speed, rElec rPois Dex+5, axe}
rCold   + . .        (shield currently unavailable)
rNeg    + + +        D - +7 pearl dragon scales {rare=g}
rPois   +            (helmet restricted)
rElec   +            X - +1 cloak
rCorr   .            k - +2 pair of gloves "Nainuagis" {rF+ rN+ Stlth-}
SInv    .            I - +2 pair of boots {Fly}
Will    +++++        q - amulet of the Four Winds {rN+ Will+++ Clar}
Stlth   +            e - ring of the Hare {EV+10}
HPRegen 0.91/turn    l - ring "Wunekhla" {rPois rF+ rC+ MP+9 Str+3}
MPRegen 0.42/turn

%: clarity
@: divinely vigorous, flying, studying 2 skills
A: horns 2, retaliatory headbutt, fangs 1, clarity, clever 1, mutation
resistance 1, robust 1
0: Orb of Zot
}: 3/15 runes: serpentine, barnacled, silver
a: Renounce Religion, Purification, Heal Other, Heal Self, Divine Vigour


You escaped.
You worshipped Elyvilon.
Elyvilon was extremely pleased with you.
You visited 10 branches of the dungeon, and saw 48 of its levels.
You visited 1 bazaar.
You also visited: Ice Cave and Wizlab.

You collected 8702 gold pieces.
You spent 7551 gold pieces at shops.


Innate Abilities, Weirdness & Mutations

You have a pair of horns on your head.
You reflexively headbutt those who attack you in melee.
You have very sharp teeth.
You possess an exceptional clarity of mind.
Your mind is acute. (Int +4, Str/Dex -1)
You are somewhat resistant to further mutation.
You are robust. (+10% HP)


   Skills:
 - Level 24.0 Fighting
 - Level 1.2 Short Blades
 - Level 23.8(24.0) Axes
 - Level 4.7(16.4) Maces & Flails
 - Level 20.0 Armour
 - Level 24.0 Dodging
 - Level 6.0 Stealth
 - Level 6.0 Shields
 - Level 2.7 Hexes
 - Level 6.0 Transmutations
 + Level 25.2 Invocations
 - Level 10.0 Evocations


You had 16 spell levels left.
You knew the following spells:

 Your Spells              Type           Power      Damage    Failure   Level
b - Wereblood             Tmut           14%        N/A       9%          2
c - Yara's Violent Unrav  Hex/Tmut       5%         3d4       96%         5
X - Call Canine Familiar  Summ           0%         N/A       88%         3

Your spell library contained the following spells:

 Spells                   Type           Power      Damage    Failure   Level
 Slow                     Hex            24%        N/A       21%         1
 Passwall                 Tmut/Erth      5%         N/A       28%         2
 Ensorcelled Hibernation  Hex/Ice        6%         N/A       50%         2
 Confusing Touch          Hex            6%         N/A       52%         3
 Sigil of Binding         Hex            6%         N/A       52%         3
 Kiss of Death            Conj/Necr      0%         2d5       54%         1
 Magic Dart               Conj           0%         1d3       54%         1
 Necrotise                Necr           0%         1d4       54%         1
 Sandblast                Erth           0%         2d4       54%         1
 Ignite Poison            Fire/Tmut/Pois 4%         N/A       63%         3
 Blink                    Tloc           0%         N/A       67%         2
 Cigotuvi's Dreadful Rot  Necr/Pois/Air  0%         N/A       67%         2
 Lesser Beckoning         Tloc           0%         N/A       67%         2
 Poisonous Vapours        Pois/Air       0%         N/A       67%         2
 Scorch                   Fire           0%         2d5       67%         2
 Searing Ray              Conj           0%         2d4       67%         2
 Static Discharge         Conj/Air       0%         2-2/arc   67%         2
 Sublimation of Blood     Necr           0%         N/A       67%         2
 Dazzling Flash           Conj/Hex       6%         N/A       73%         3
 Inner Flame              Hex/Fire       3%         N/A       73%         3
 Summon Guardian Golem    Hex/Summ       3%         N/A       73%         3
 Frozen Ramparts          Ice            0%         1d1       88%         3
 Gell's Gravitas          Tloc           0%         N/A       88%         3
 Hailstorm                Conj/Ice       0%         3d3       88%         3
 Mephitic Cloud           Conj/Pois/Air  0%         N/A       88%         3
 Stone Arrow              Conj/Erth      0%         3d7       88%         3
 Swiftness                Air            0%         N/A       88%         3
 Teleport Other           Tloc           0%         N/A       88%         3
 Vampiric Draining        Necr           0%         2d6       88%         3
 Volatile Blastmotes      Fire/Tloc      0%         2d10      88%         3
 Petrify                  Tmut/Erth      7%         N/A       88%         4
 Dimensional Bullseye     Hex/Tloc       1%         N/A       98%         4
 Fulminant Prism          Conj/Hex       1%         3d5       98%         4
 Leda's Liquefaction      Hex/Erth       1%         N/A       98%         4
 Airstrike                Air            0%         2d(0-16)  99%         4
 Animate Armour           Summ/Erth      0%         N/A       99%         4
 Animate Dead             Necr           0%         N/A       99%         4
 Brom's Barrelling Bould  Conj/Erth      0%         2d3       99%         4
 Dispel Undead            Necr           0%         3d6       99%         4
 Flame Wave               Conj/Fire      0%         2d4       99%         4
 Iskenderun's Mystic Bla  Conj/Tloc      0%         2d3       99%         4
 Manifold Assault         Tloc           0%         N/A       99%         4
 Olgreb's Toxic Radiance  Pois           0%         N/A       99%         4
 Sticky Flame             Conj/Fire      0%         2d3       99%         4
 Summon Ice Beast         Ice/Summ       0%         N/A       99%         4
 Summon Lightning Spire   Summ/Air       0%         N/A       99%         4
 Alistair's Intoxication  Tmut/Pois      4%         N/A       99%         5
 Borgnjor's Vile Clutch   Necr/Erth      0%         N/A       100%        5
 Fireball                 Conj/Fire      0%         3d3       100%        5
 Freezing Cloud           Conj/Ice/Air   0%         6-21      100%        5
 Iskenderun's Battlesphe  Conj           0%         2d6       100%        5
 Metabolic Englaciation   Hex/Ice        1%         N/A       100%        5
 Silence                  Hex/Air        1%         N/A       100%        5
 Summon Forest            Summ/Tloc      0%         N/A       100%        5
 Summon Mana Viper        Hex/Summ       3%         N/A       100%        5
 Bombard                  Conj/Erth      0%         9d1       100%        6
 Conjure Ball Lightning   Conj/Air       0%         3x3d6     100%        6
 Death Channel            Necr           0%         N/A       100%        6
 Dispersal                Tloc           0%         N/A       100%        6
 Eringya's Noxious Bog    Tmut/Pois      3%         4d6       100%        6
 Plasma Beam              Fire/Air       0%         2x1d10    100%        6
 Simulacrum               Ice/Necr       0%         N/A       100%        6
 Starburst                Conj/Fire      0%         6d3       100%        6
 Summon Cactus Giant      Summ           0%         N/A       100%        6
 Enfeeble                 Hex            3%         N/A       100%        7
 Malign Gateway           Summ/Tloc      0%         N/A       100%        7
 Orb of Destruction       Conj           0%         9d5       100%        7
 Ozocubu's Refrigeration  Ice            0%         4d7       100%        7
 Spellforged Servitor     Conj/Summ      0%         N/A       100%        7
 Summon Hydra             Summ           0%         N/A       100%        7
 Discord                  Hex            3%         N/A       100%        8
 Disjunction              Tloc           0%         N/A       100%        8
 Ignition                 Fire           0%         3d3       100%        8
 Lehudib's Crystal Spear  Conj/Erth      0%         10d2      100%        8
 Maxwell's Capacitive Co  Air            0%         ∞         100%        8
 Summon Horrible Things   Summ           0%         N/A       100%        8
 Chain Lightning          Conj/Air       0%         N/A       100%        9
 Polar Vortex             Ice            0%         N/A       100%        9

Inventory:

Hand Weapons
 Y - the +7 battleaxe of Waamaha (weapon) {speed, rElec rPois Dex+5, axe}
   (You found it on level 2 of the Snake Pit)

   Dex+5:     It affects your dexterity (+5).
   rElec:     It insulates you from electricity.
   rPois:     It protects you from poison
Armour
 i - a +1 cloak
   (You took it off a draconian scorcher on level 5 of the Realm of Zot)
 k - the +2 pair of gloves "Nainuagis" (worn) {rF+ rN+ Stlth-}
   (You found it on level 4 of the Vaults)

   rF+:       It protects you from fire.
   rN+:       It protects you from negative energy.
   Stlth-:    It makes you less stealthy.
 D - +7 pearl dragon scales (worn) {rare=g}
   (You bought it in a shop on level 12 of the Dungeon)
 F - a +1 hat
   (You found it on level 2 of the Depths)
 I - a +2 pair of boots of flying (worn)
   (You found it in an ice cave)
 X - a +1 cloak (worn)
   (You found it on level 3 of the Elven Halls)
Jewellery
 e - the ring of the Hare (left hand) {EV+10}
   (You found it on level 5 of the Vaults)

   [ring of evasion]

   EV+10:     It affects your evasion (+10).
 l - the ring "Wunekhla" (right hand) {rPois rF+ rC+ MP+9 Str+3}
   (You found it on level 2 of the Dungeon)

   [ring of magical power]

   Str+3:     It affects your strength (+3).
   rF+:       It protects you from fire.
   rC+:       It protects you from cold.
   rPois:     It protects you from poison MP+9: It affects your magic capacity
   (+9).
 q - the amulet of the Four Winds (around neck) {rN+ Will+++ Clar}
   (You bought it in a shop on level 4 of the Snake Pit)

   [amulet of nothing]

   rN+:       It protects you from negative energy.
   Will+++:   It greatly increases your willpower.
   Clar:      It protects you from confusion, rage, mesmerisation and fear.
 Q - a ring of see invisible
   (You found it on level 1 of the Lair of Beasts)
 V - a ring of resist corrosion
   (You found it on level 12 of the Dungeon)
Wands
 c - a wand of flame (105)
 d - a wand of charming (9)
 h - a wand of digging (15)
   (You found it on level 15 of the Dungeon)
 C - a wand of mindburst (22)
   (You found it on level 5 of the Dungeon)
 E - a wand of roots (20)
   (You found it on level 7 of the Dungeon)
 K - a wand of acid (15)
   (You found it on level 9 of the Dungeon)
 L - a wand of paralysis (38)
   (You found it on level 9 of the Dungeon)
 O - a wand of polymorph (33)
   (You found it on level 1 of the Shoals)
Scrolls
 a - 10 scrolls of fear
 j - 12 scrolls of poison
 o - 8 scrolls of teleportation {@r4}
 r - 4 scrolls of fog
 s - 3 scrolls of summoning
 t - 11 scrolls of vulnerability {!r!r}
 B - 6 scrolls of enchant weapon
 H - 2 scrolls of immolation {!r!r}
 J - 4 scrolls of revelation
 P - 6 scrolls of identify {@r1}
 S - 4 scrolls of silence {!r}
 T - 10 scrolls of blinking {!r}
 U - 6 scrolls of amnesia
Potions
 f - 27 potions of curing {@q1}
 g - 3 potions of resistance
 n - 3 potions of ambrosia
 u - 3 potions of cancellation
 v - 5 potions of might
 w - 8 potions of attraction {!q}
 x - 30 potions of mutation {!q}
 z - 5 potions of haste {@q3}
 A - 10 potions of heal wounds {@q2}
 G - 9 potions of enlightenment
 M - 9 potions of lignification {!q}
 N - 3 potions of magic
 Z - 4 potions of invisibility
Miscellaneous
 b - a condenser vane
   (You found it on level 4 of the Shoals)
 R - a phantom mirror (inert)
   (You found it on level 2 of the Lair of Beasts)
 W - a lightning rod (4/4)
   (You found it on level 4 of the Shoals)

Dungeon Overview and Level Annotations

Branches:
Dungeon (15/15)            Temple (1/1) D:6            Lair (5/5) D:11
 Shoals (4/4) Lair:2        Snake (4/4) Lair:3        Slime (0/5) Lair:5
    Orc (2/2) D:12            Elf (3/3) Orc:2        Vaults (5/5) D:13
  Crypt (0/3) Vaults:3     Depths (4/4) D:15            Zot (5/5) Depths:4
  IceCv (visited)          WizLab (visited)

Altars:
Ashenzari
Cheibriados
Dithmenos
Elyvilon
Fedhas
Gozag
Hepliaklqana
Kikubaaqudgha
Makhleb
Nemelex Xobeh
Okawaru
Qazlal
Ru
Sif Muna
Trog
Uskayaw
Vehumet
Wu Jian
Xom
Yredelemnul
Zin
The Shining One

Shops:
D:2 [   D:7 :   D:12 [   Orc:2 [!**(   Elf:1 [   Elf:2 [?*?   Shoals:1 [=(
Snake:4 *(=[   Vaults:1 *   Vaults:5 !   Depths:4 ?

Portals:
Hell: Depths:1 Depths:2 Depths:3 Depths:4
Abyss: Depths:1 Depths:3
Pandemonium: Depths:1 Depths:2
Ziggurat: Depths:4
Trove: Vaults:2 (give +3 ice dragon scales)

Annotations:
D:3 1 runed translucent door, Crazy Yiuf
D:7 2 transporters
D:9 exclusion: orange crystal statue
Elf:2 5 runed translucent doors

#.......# ### #.......# ..#
#.....).' ..# #.......# ..#
#.......# ..# ##### #.......#
..# ####...#### ######### ..#
#######.........########
†.####..........@/.........>#
....##.#####.........####...#
....##.########...####......#
...†......###########....#..#
..##.....................#..#
..##.##.....####.####....#..#
####.#......'..#.# #....#..#
#.#.#....##.#.# #...♣P.♣♣####
#.#.......#.#.# ###♣♣♣~♣♣....


There were no monsters in sight!


Message History

You resist with almost no effort.
Unknown command.
Unknown command.
Natasha completely misses you. You furiously retaliate!
You headbutt Natasha.
There is a stone staircase leading up here.
Natasha claws you but does no damage.
You fly upwards.
There is a stone staircase leading down here.
Unknown command.
Natasha closely misses you. You furiously retaliate!
You headbutt Natasha, but do no damage.
Natasha zaps a wand.
The puff of flame misses you.
Aiming: Dig
Press: ? - help, Shift-Dir - straight line, f - you Please select a direction to dig.
This square is covered in magical glow.
Okay, then.
Unknown command.
Unknown command.
Natasha stares at you and mumbles some strange words.
The magic dart hits you but does no damage.
Aiming: Dig
Press: ? - help, Shift-Dir - straight line A rock wall.
This square is covered in magical glow.
The rock shatters into small pieces.
Unknown command.
Unknown command.
Natasha claws you but does no damage.
Natasha zaps a wand.
The puff of flame misses you.
Unknown command.
There is a stone staircase leading up here.
Unknown command.
Unknown command.
Natasha stares at you and mumbles some strange words.
The magic dart hits you but does no damage.
You fly upwards.
There is a stone staircase leading down here.
Unknown command.
Unknown command.
Unknown command.
Natasha completely misses you.
Unknown command.
Natasha completely misses you.
Unknown command.
Natasha attacks as she pursues you! Natasha completely misses you.
Natasha zaps a wand.
The puff of flame misses you.
Unknown command.
Natasha zaps a wand.
The puff of flame hits you but does no damage.
Unknown command.
Natasha zaps a wand.
The puff of flame misses you.
Unknown command.
Natasha zaps a wand.
The puff of flame misses you.
Natasha casts a spell.
There is a staircase leading out of the dungeon here.
Unknown command.
Elyvilon grants you divine vigour. 😎 HP[+143] MP[+23]
You now have 430 max hp (+143).
Your hp is fully restored (430).
Your mp is fully restored (70).
Unknown command.
The cerulean imp completely misses you.
Natasha zaps a wand.
The puff of flame misses you. The cerulean imp completely misses you.
Unknown command.
You turn into a tree.
Your +1 cloak melds into your body.
The +2 pair of gloves "Nainuagis" {rF+ rN+ Stlth-} melds into your body.
Your +2 pair of boots of flying melds into your body.
Your +7 pearl dragon scales {rare=g} melds into your body.
You float gracefully downwards.
Your roots penetrate the ground.
Natasha stares at you and mumbles some strange words.
The magic dart hits you.
The cerulean imp hits you but does no damage. 😕 HP[+209]
You now have 645 max hp (+215).
You regained 209 hp, and now have 639/645 hp.
You cannot move.
Your magical effects are unravelling.
You feel magically purged.
You feel less wooden.
Your +1 cloak unmelds from your body.
The +2 pair of gloves "Nainuagis" {rF+ rN+ Stlth-} unmelds from your body.
Your +2 pair of boots of flying unmelds from your body.
Your +7 pearl dragon scales {rare=g} unmelds from your body.
You fly up into the air.
Natasha completely misses you. You furiously retaliate!
You headbutt Natasha!
You kill Natasha!
The cerulean imp disappears in a puff of smoke! 😕 HP[-212]
You now have 430 max hp (-215). 😕 HP[+1]
There is a staircase leading out of the dungeon here.
You have escaped!

Skill      XL: |  1  2  3  4  5  6  7  8  9 10 11 12 13 14 15 16 17 18 19 20 21 22 23 24 25 26 27 |
---------------+----------------------------------------------------------------------------------+-----
Fighting       | 2 3 5 7 8 11 12 14 15 18 19 20 21 23 24 | 24.0
Short Blades   | 1 |  1.2
Armour         | 4 5 6 8 10 13 14 16 19 20 | 20.0
Maces & Flails | 4 |  4.7
Axes           | 4 9 13 14 17 20 21 23 | 23.8
Shields        | 5 6 |  6.0
Invocations    | 7 8 10 12 18 20 22 24 25 | 25.2
Dodging        | 3 7 10 11 13 16 18 20 21 24 | 24.0
Stealth        | 6 |  6.0
Evocations     | 10 | 10.0
Transmutations | 6 |  6.0
Hexes          | 2 |  2.7

Action                     |  1- 3 |  4- 6 |  7- 9 | 10-12 | 13-15 | 16-18 | 19-21 | 22-24 | 25-27 || total
---------------------------+-------+-------+-------+-------+-------+-------+-------+-------+-------++-------
  Melee: Club              |    45 |       |       |       |       |       |       |       |       ||    45
         Headbutt          |    11 |    13 |    33 |    73 |   185 |   111 |   522 |   581 |   344 ||  1873
         Dagger            |    15 |       |       |       |       |       |       |       |       ||    15
         Quarterstaff      |     2 |    31 |       |       |       |       |       |       |       ||    33
         Unarmed           |     1 |       |       |       |       |       |       |       |       ||     1
         Flail             |       |    39 |    11 |       |       |       |       |       |       ||    50
         Punch             |       |     1 |     4 |       |       |       |       |       |       ||     5
         War axe           |       |       |   169 |       |       |       |       |       |       ||   169
         Broad axe         |       |       |    40 |   361 |   310 |       |       |       |       ||   711
         Executioner's axe |       |       |       |       |   544 |   122 |       |       |       ||   666
         Battleaxe         |       |       |       |       |       |   283 |  1657 |  1746 |   912 ||  4598
         Bite              |       |       |       |       |       |       |       |       |    31 ||    31
  Throw: Dart              |       |     3 |    15 |     3 |     1 |       |       |       |       ||    22
   Cast: Wereblood         |       |       |       |       |       |       |       |    15 |    16 ||    31
 Invoke: Heal Self         |       |       |       |     1 |       |     3 |     4 |     4 |     2 ||    14
         Heal Other        |       |       |       |     3 |    18 |     2 |    17 |     6 |     1 ||    47
         Divine Vigour     |       |       |       |       |     2 |     3 |     5 |    10 |     3 ||    23
         Purification      |       |       |       |       |       |       |       |       |     1 ||     1
  Evoke: Wand              |     6 |     5 |    15 |    39 |     3 |     3 |     4 |     4 |     3 ||    82
         Condenser vane    |       |       |       |       |       |       |     2 |     3 |       ||     5
         Lightning rod     |       |       |       |       |       |       |     1 |     9 |       ||    10
         Phantom mirror    |       |       |       |       |       |       |       |     3 |     1 ||     4
    Use: Scroll            |       |       |    14 |    14 |    12 |     3 |     8 |    12 |    14 ||    77
         Potion            |       |       |       |       |       |     3 |     1 |     7 |    16 ||    27
   Stab: Paralysed         |       |       |       |     1 |       |       |       |       |       ||     1
         Sleeping          |       |       |       |     2 |     3 |     1 |    29 |    12 |       ||    47
         Petrified         |       |       |       |     1 |       |       |       |       |       ||     1
         Distracted        |       |       |       |       |     3 |       |     1 |     6 |     1 ||    11
 Armour: Leather armour    |    19 |       |       |       |       |       |       |       |       ||    19
         Scale mail        |    18 |    25 |       |       |       |       |       |       |       ||    43
         Chain mail        |       |    31 |   163 |       |       |       |       |       |       ||   194
         Ring mail         |       |       |       |   203 |   191 |       |       |       |       ||   394
         Acid dragon scale |       |       |       |    18 |    18 |       |       |       |       ||    36
         Quicksilver drago |       |       |       |       |   194 |   163 |   539 |   533 |   137 ||  1566
         Pearl dragon scal |       |       |       |       |       |       |       |       |   137 ||   137
         Skin              |       |       |       |       |       |       |       |       |     2 ||     2
  Dodge: Dodged            |    33 |    28 |    83 |   209 |   595 |   246 |  1176 |  1236 |   708 ||  4314
  Block: Other             |       |    12 |    45 |     8 |   104 |    70 |   172 |       |       ||   411
         Reflection        |       |       |     2 |     6 |     1 |     6 |    15 |       |       ||    30
         Buckler           |       |       |       |   181 |   117 |       |       |       |       ||   298

Levels and vault maps discovered:
D:1:      dpeg_arrival_rhombus, layout_basic, chequers_decorated_corner,
          serial_bayou_crossing
D:2:      layout_basic, serial_shops, shop
D:3:      layout_basic, nicolae_overflow_hallway_of_the_gods,
          nicolae_half_adder, uniq_natasha, uniq_terence, uniq_jessica,
          uniq_crazy_yiuf_cottage, uniq_sigmund
D:4:      layout_loops_ring
D:5:      layout_rooms, lemuel_blue_sif_altar, jmf_multi_god_temple2,
          uniq_edmund, uniq_duvessa
D:6:      layout_layer_cave, minmay_temple_entry_large_hall,
          minmay_crystal_room, uniq_jeremiah, uniq_maggie
D:7:      gammafunk_wand_slinger, layout_layer_cave, serial_shops,
          nicolae_shop_tiny_waterfront
D:8:      layout_rooms, uniq_grum, uniq_psyche, uniq_erica
D:9:      layout_roguey, kennysheep_path_1, minivault_15
D:10:     layout_roguey, serial_ice, serial_ice_o, serial_ice_f, serial_ice_i,
          serial_ice_d
D:11:     layout_irregular_city, due_lair_maze_entry_diamond,
          hangedman_feature_mirror, amethyst_killhole
D:12:     layout_rooms, minmay_orc_entry_temple_small, nicolae_shop_dragon_depot
D:13:     layout_irregular_city, david_vaults_4, uniq_urug
D:14:     layout_roguey, nicolae_qazlal_general_emergency
D:15:     hellmonk_depths_entry_around_the_bend, layout_irregular_city,
          moated_statue
Temple:   oiseaux_autumnal_temple
Lair:1:   layout_concentric_octagons
Lair:2:   minmay_lair_oklob_chamber, layout_misc_corridors,
          minmay_shoals_entry_centaurs, st_stairs_8, uniq_harold
Lair:3:   lemuel_reptile_caves, layout_loops_ring,
          minmay_snake_entry_guardpost_small, minmay_hedge_maze,
          chequers_serial_rivers_micro_b, lemuel_fruit_tree,
          infiniplex_staircase_pool_2
Lair:4:   layout_misc_corridors
Lair:5:   hangedman_lair_caniforms_friends, layout_small_grid,
          guppyfry_lair_end_dragon, slime_entry_1, grunt_megastairs_5,
          serial_bayou_shore_a
Shoals:1: layout_shoals, serial_shops, nicolae_shop_back_alley_shop,
          nicolae_shop_back_alley_shop, shop
Shoals:2: nicolae_shoals_lighthouse, layout_shoals
Shoals:3: layout_shoals, st_cyclops
Shoals:4: shoals_end_simple, layout_shoals
Snake:1:  nicolae_snake_crotalidae_crossing, layout_rooms,
          portal_ice_cave_entry_pillars_four
Snake:2:  gammafunk_its_a_trap, layout_rooms, serial_bayou_pond_c,
          statue_in_the_mist_lemuel, uniq_aizul
Snake:3:  layout_cave_town, nicolae_triple_integral
Snake:4:  snake_pit_salamanders_mu, layout_onion_interference,
          nicolae_snake_serpentine_bazaar
Orc:1:    layout_diamond_mine, mines1_david
Orc:2:    st_orc_elflike, layout_caves, serial_shops, nicolae_shop_scrapyard,
          special_room
Elf:1:    eino_elf_arrival_sip, layout_gridlike, serial_shops,
          nicolae_shop_pleasant_corner_grove, minmay_elf_annihilation,
          st_stairs_12, uniq_kirke
Elf:2:    elven_hall_of_blades_hangedman_alternative [grunt_blade_entry_basic],
          layout_loops_cross, mu_enter_wizlab_6, minmay_shoptagon
Elf:3:    nooodl_elf_gasket, layout_geoelf_diagonals, nicolae_elf_w_pinch,
          uniq_zenata
Vaults:1: nicolae_vaults_little_squares_4, v_pattern_5,
          ontoclasm_vaults_decontamination, st_cells,
          nicolae_vaults_border_crossing, nicolae_vaults_doubleplus_tesselated,
          v_misc_31, nicolae_vaults_trapezoid_layered, v_rooms_1,
          nicolae_vaults_what_the_h, nicolae_vaults_trapezoid_lopsided_3,
          nicolae_vaults_circle_grid_b, ontoclasm_vaults_loading_screen,
          vaults_dpeg_hooks, nicolae_vaults_little_squares_6,
          layout_vaults_ring, serial_shops, nicolae_shop_window_shopping
Vaults:2: vaults_room_boxed, st_diamondy, v_rooms_3,
          nicolae_vaults_network_quinsquares
          [nicolae_vaults_network_quincunx_subvault,
          nicolae_vaults_network_quincunx_subvault,
          nicolae_vaults_network_quincunx_subvault,
          nicolae_vaults_network_quincunx_subvault],
          nicolae_vaults_lightning_bolt, ontoclasm_vaults_eye,
          nicolae_vaults_diamond_2, layout_vaults_maze_bifur,
          nicolae_trove_entry_crossroad, serial_glass
Vaults:3: ontoclasm_vaults_tryst, hangedman_vaults_river_flow,
          nicolae_vaults_apartment_1, ontoclasm_vaults_chip,
          nicolae_vaults_alarming, nicolae_vaults_spaceships,
          minmay_crypt_entry_simple_round, nicolae_vaults_twisting_passages,
          nicolae_vaults_security_offices_2, grunt_vaults_focal,
          vaults_room_hallway, vaults_room_fours, vaults_room_pool,
          nicolae_vaults_rhombus_5, nicolae_vaults_double_plus_2,
          layout_vaults_omnicross
Vaults:4: ploomutoo_gammafunk_ghost_potion_laboratory, nicolae_vaults_prndl,
          hangedman_vaults_variations, v_misc_3,
          vaults_standard_mumra_enter_the_diamond,
          nicolae_vaults_yaktaur_gun_rack, nicolae_vaults_tetromino_T_2,
          nicolae_vaults_big_ls, hangedman_vaults_restitches,
          nicolae_vaults_trapezoid_2, layout_vaults_omnigrid, serial_shops,
          bzr_entry_islet
Vaults:5: serial_shops
Depths:1: layout_roguey [special_room_morgue], grunt_pan_entry_in_and_out,
          hell_entry, hangedman_abyss_entry_splay,
          hangedman_abyss_or_decor_stabs, glass_columns_c,
          nicolae_figureground_sparkle
Depths:2: minmay_the_grid_square_5x5_5x5_mashed
          [minmay_the_grid_square_5x5_inner_z,
          minmay_the_grid_square_5x5_sharp_hourglass,
          minmay_the_grid_square_5x5_dogpile,
          minmay_the_grid_square_5x5_two_small,
          minmay_the_grid_square_5x5_inner_i, minmay_the_grid_square_5x5_two,
          minmay_the_grid_square_5x5_prize_pseudospiral,
          minmay_the_grid_square_5x5_inset,
          minmay_the_grid_square_5x5_prize_snowflake,
          minmay_the_grid_square_5x5_minibox,
          minmay_the_grid_square_5x5_longway,
          minmay_the_grid_square_5x5_three_walls,
          minmay_the_grid_square_5x5_prize_junk,
          minmay_the_grid_square_5x5_doubleslash,
          minmay_the_grid_square_5x5_empty,
          minmay_the_grid_square_5x5_beaten_path,
          minmay_the_grid_square_5x5_prize_deathbox,
          minmay_the_grid_square_5x5_empty,
          minmay_the_grid_square_5x5_prize_waves,
          minmay_the_grid_square_5x5_comb, minmay_the_grid_square_5x5_bridge,
          minmay_the_grid_square_5x5_six_small,
          minmay_the_grid_square_5x5_shuriken, minmay_the_grid_square_5x5_slash,
          minmay_the_grid_square_5x5_bracketed], layout_long_grid,
          rand_demon_pan_entry_8, hell_entry, chequers_serial_rivers_micro_d,
          uniq_sojobo
Depths:3: evilmike_lava_path, layout_basic, minmay_misc_feat_iff, hell_entry,
          abyss_entry, minmay_staircase_statues
Depths:4: grunt_zot_entry_gee_three, layout_twisted_cross, enter_ziggurat_e,
          serial_shops, nicolae_shop_hallway_stairs, hell_entry,
          nicolae_hepliaklqana_hippocampus
Zot:1:    layout_twisted_circle, hangedman_zot_decor_checkerboard,
          nicolae_transporter_circle
Zot:2:    layout_cellular_growth
Zot:3:    layout_twisted_circle, uniq_grunn
Zot:4:    layout_gridlike, lemuel_flame_loot_1
Zot:5:    layout_misc_corridors

Notes
Turn   | Place    | Note
-------+----------+-------------------------------------------
     0 | D:1      | MackTheKnife the Minotaur Artificer began the quest for the
                  | Orb.
     0 | D:1      | Reached XP level 1. HP: 16/16 MP: 0/0
     0 | D:1      | magus.rc [v1.9.6]
    35 | D:1      | You pick up a book of the Hunter and begin reading...
    35 | D:1      | You add the spells Sigil of Binding, Call Canine Familiar,
                  | Dimensional Bullseye and Leda's Liquefaction to your
                  | library.
   123 | D:1      | Reached skill level 2 in Fighting
   403 | D:1      | Reached XP level 2. HP: 25/25 MP: 1/1
   660 | D:1      | Reached skill level 3 in Fighting
  1029 | D:2      | Reached XP level 3. HP: 31/31 MP: 2/2
  1202 | D:2      | Found Tacaed's Armour Boutique.
  1300 | D:2      | Reached skill level 1 in Short Blades
  1338 | D:2      | Identified the ring "Wunekhla" {rPois rF+ rC+ MP+9 Str+3}
  1674 | D:3      | Found a hide-covered altar of Uskayaw.
  1703 | D:3      | Found an ornate altar of the Wu Jian Council.
  1709 | D:3      | Found a snail-covered altar of Cheibriados.
  1712 | D:3      | Found a broken altar of Ashenzari.
  1714 | D:3      | Found a white marble altar of Elyvilon.
  1720 | D:3      | Found a stormy altar of Qazlal.
  1741 | D:3      | Became a worshipper of Elyvilon the Healer
  1795 | D:3      | You pick up a book of Misfortune and begin reading...
  1795 | D:3      | You add the spells Inner Flame, Yara's Violent Unravelling
                  | and Enfeeble to your library.
  1810 | D:3      | Noticed Sigmund
  1813 | D:3      | Killed Sigmund
  1814 | D:3      | Reached skill level 5 in Fighting
  1814 | D:3      | Reached skill level 4 in Armour
  1814 | D:3      | Reached XP level 4. HP: 37/42 MP: 3/3
  1814 | D:3      | Reached XP level 5. HP: 42/48 MP: 4/4
  1934 | D:3      | Noticed Jessica
  2076 | D:3      | Killed Jessica
  2175 | D:3      | Noticed Natasha
  2185 | D:3      | Killed Natasha
  2279 | D:3      | Reached XP level 6. HP: 56/56 MP: 5/5
  2294 | D:3      | Reached skill level 5 in Armour
  2305 | D:3      | Noticed Terence
  2325 | D:2      | Killed Terence
  2428 | D:3      | Noticed Natasha
  2432 | D:3      | Killed Natasha
  2433 | D:3      | Reached skill level 1 in Maces & Flails
  2471 | D:3      | Found a runed translucent door.
  2472 | D:3      | Noticed Crazy Yiuf
  2650 | D:4      | Reached skill level 2 in Maces & Flails
  2696 | D:4      | Reached skill level 3 in Maces & Flails
  2754 | D:4      | Reached * piety under Elyvilon
  3181 | D:4      | Reached skill level 4 in Maces & Flails
  3181 | D:4      | Reached XP level 7. HP: 40/62 MP: 6/6
  3389 | D:5      | Entered Level 5 of the Dungeon
  3410 | D:4      | Reached skill level 6 in Fighting
  3410 | D:4      | Reached skill level 2 in Axes
  3466 | D:5      | Found a shimmering blue altar of Sif Muna.
  3489 | D:5      | Reached skill level 3 in Axes
  3571 | D:5      | Noticed Edmund
  3586 | D:5      | Killed Edmund
  3587 | D:5      | Reached skill level 7 in Fighting
  3636 | D:5      | Noticed Dowan
  3636 | D:5      | Noticed Duvessa
  3646 | D:5      | Killed Duvessa
  3647 | D:5      | Reached skill level 4 in Axes
  3647 | D:5      | Reached XP level 8. HP: 73/73 MP: 7/7
  3648 | D:5      | Was placed under penance by Elyvilon
  3655 | D:5      | Killed Dowan
  3770 | D:5      | Reached skill level 8 in Fighting
  3770 | D:5      | Reached skill level 5 in Axes
  3969 | D:5      | Reached skill level 6 in Axes
  4167 | D:5      | You fall into a shaft and drop 2 floors!
  4190 | D:6      | Noticed Jeremiah
  4212 | D:7      | Reached skill level 7 in Axes
  4293 | D:7      | Reached skill level 8 in Axes
  4294 | D:7      | Found a transporter.
  4349 | D:7      | Found Golicsoh's Book Shop.
  4377 | D:7      | Was forgiven by Elyvilon
  4464 | D:7      | You pick up a book of Dangerous Friends and begin
                  | reading...
  4464 | D:7      | You add the spells Summon Guardian Golem, Orb of
                  | Destruction and Spellforged Servitor to your library.
  4523 | D:7      | Noticed a two-headed ogre
  4533 | D:7      | Reached skill level 9 in Axes
  4561 | D:7      | Noticed a kobold demonologist
  4563 | D:7      | Noticed a kobold demonologist
  4569 | D:7      | Found a transporter.
  4610 | D:7      | Reached XP level 9. HP: 81/81 MP: 8/8
  4945 | D:6      | Reached ** piety under Elyvilon
  5057 | D:6      | Reached skill level 10 in Axes
  5167 | D:5      | Found a large runed translucent door.
  5168 | D:5      | Found a large runed translucent door.
  5192 | D:5      | Reached skill level 11 in Axes
  5249 | D:5      | Found a shadowy altar of Dithmenos.
  5254 | D:5      | Found a blossoming altar of Fedhas.
  5519 | D:5      | Identified a scroll of acquirement
  5520 | D:5      | Acquired a +0 heavy broad axe
  5661 | D:6      | Found a staircase to the Ecumenical Temple.
  5702 | D:6      | Noticed Maggie
  5716 | D:6      | Killed Maggie
  5717 | D:6      | Reached skill level 12 in Axes
  5734 | Temple   | Entered the Ecumenical Temple
  5839 | D:6      | Killed Jeremiah
  6147 | D:6      | Reached skill level 13 in Axes
  6258 | D:6      | Reached *** piety under Elyvilon
  7295 | D:7      | Killed a two-headed ogre
  7296 | D:7      | Reached XP level 10. HP: 88/88 MP: 9/9
  7311 | D:8      | Acquired the ring of Coitz {EV+5 Int+9 Stlth+}
  7329 | D:8      | Learned a level 3 spell: Call Canine Familiar
  7351 | D:8      | Noticed Erica
  7539 | D:8      | Killed Erica
  7540 | D:8      | Reached skill level 9 in Fighting
  7600 | D:8      | Reached skill level 10 in Fighting
  7756 | D:8      | Noticed Psyche
  7762 | D:8      | Reached skill level 1 in Shields
  7762 | D:8      | Killed Psyche
  7763 | D:8      | Reached skill level 2 in Shields
  7778 | D:8      | Reached skill level 3 in Shields
  7846 | D:8      | Noticed Grum
  7853 | D:8      | Reached skill level 4 in Shields
  7859 | D:8      | Reached skill level 11 in Fighting
  7869 | D:8      | Killed Grum
  8267 | D:9      | Reached **** piety under Elyvilon
  8295 | D:9      | Reached skill level 5 in Shields
  8394 | D:9      | Reached XP level 11. HP: 102/102 MP: 10/10
  8406 | D:9      | Reached skill level 6 in Shields
  8611 | D:9      | Noticed an orange crystal statue
  8622 | D:9      | Reached skill level 12 in Fighting
  8622 | D:9      | Reached skill level 14 in Axes
  9194 | D:10     | Entered Level 10 of the Dungeon
  9245 | D:10     | Noticed a two-headed ogre
  9254 | D:10     | Killed a two-headed ogre
  9255 | D:10     | Reached skill level 2 in Invocations
  9503 | D:10     | You add the spells Searing Ray, Ensorcelled Hibernation and
                  | Chain Lightning to your library.
  9503 | D:10     | Got a foxed book
  9521 | D:10     | Reached skill level 3 in Invocations
  9523 | D:10     | HP: 26/104 [electric eel/bolt of electricity (10)]
  9523 | D:10     | HP: 11/104 [electric eel/bolt of electricity (9)]
  9868 | D:10     | Reached skill level 4 in Invocations
  9897 | D:10     | You pick up a book of Chaos and begin reading...
  9897 | D:10     | You add the spells Conjure Ball Lightning, Disjunction and
                  | Discord to your library.
  9905 | D:10     | Acquired the ring of Leuxt {rElec rPois}
 10578 | D:10     | Reached skill level 5 in Invocations
 10944 | D:11     | Reached skill level 6 in Invocations
 10959 | D:11     | Noticed a two-headed ogre
 10980 | D:11     | Killed a two-headed ogre
 10983 | D:11     | Reached skill level 7 in Invocations
 11313 | D:11     | Found a blossoming altar of Fedhas.
 11527 | D:11     | Found a staircase to the Lair.
 11530 | D:11     | Reached ***** piety under Elyvilon
 11710 | D:11     | Reached skill level 2 in Dodging
 11776 | D:11     | Reached skill level 6 in Armour
 11776 | D:11     | Reached skill level 3 in Dodging
 11837 | D:11     | Noticed a two-headed ogre
 11842 | D:11     | Killed a two-headed ogre
 12039 | D:11     | Found an iron altar of Okawaru.
 12065 | D:11     | Reached XP level 12. HP: 91/112 MP: 16/16
 12196 | D:11     | Reached skill level 4 in Dodging
 12326 | Lair:1   | Entered Level 1 of the Lair of Beasts
 12331 | Lair:1   | Reached skill level 7 in Armour
 12569 | Lair:1   | Reached skill level 5 in Dodging
 12607 | Lair:1   | Reached skill level 8 in Armour
 12738 | Lair:1   | Reached skill level 6 in Dodging
 13019 | Lair:1   | Noticed a boulder beetle
 13036 | Lair:1   | Noticed a catoblepas
 13040 | Lair:1   | Killed a boulder beetle
 13041 | Lair:1   | Reached skill level 7 in Dodging
 13041 | Lair:1   | Pacified a catoblepas
 13246 | Lair:2   | Reached skill level 15 in Axes
 13712 | Lair:2   | Reached skill level 16 in Axes
 13716 | Lair:2   | Found a staircase to the Shoals.
 13748 | Lair:2   | Noticed Harold
 13756 | Lair:2   | Killed Harold
 14007 | Lair:2   | Found the +8 frozen axe "Frostbite" {freeze, freezing
                  | cloud, *Noise Fly rC+}
 14291 | Lair:2   | You pick up a book of the Spheres and begin reading...
 14291 | Lair:2   | You add the spells Brom's Barrelling Boulder, Iskenderun's
                  | Battlesphere and Fireball to your library.
 14419 | Lair:3   | Reached skill level 17 in Axes
 14420 | Lair:3   | Reached XP level 13. HP: 100/119 MP: 17/17
 14741 | Lair:3   | Found a staircase to the Snake Pit.
 14825 | Lair:3   | Reached skill level 13 in Fighting
 15909 | Lair:3   | Reached skill level 14 in Fighting
 16250 | Lair:4   | Reached skill level 9 in Armour
 16254 | Lair:4   | Reached skill level 8 in Dodging
 16884 | Lair:5   | Entered Level 5 of the Lair of Beasts
 17045 | Lair:5   | Reached skill level 10 in Armour
 17045 | Lair:5   | Reached skill level 9 in Dodging
 17379 | Lair:5   | Reached skill level 10 in Dodging
 17449 | Lair:5   | Reached XP level 14. HP: 132/132 MP: 18/18
 17506 | Lair:5   | Reached skill level 18 in Axes
 18329 | Lair:5   | Reached skill level 19 in Axes
 18716 | Lair:5   | Found a staircase to the Slime Pits.
 19650 | D:12     | Reached skill level 20 in Axes
 19707 | D:12     | Found a staircase to the Orcish Mines.
 19891 | D:12     | Found Haida's Dragon-Slaying Spoils.
 20001 | Orc:1    | Entered Level 1 of the Orcish Mines
 20160 | D:12     | Bought quicksilver dragon scales for 960 gold pieces
 20160 | D:12     | i - quicksilver dragon scales {rare}
 20170 | D:12     | You finish putting on your quicksilver dragon scales
                  | {rare}.
 20933 | Orc:2    | Entered Level 2 of the Orcish Mines
 21119 | Orc:2    | Found Plog's Antique Armour Boutique.
 21382 | Orc:2    | Found a staircase to the Elven Halls.
 21713 | Orc:2    | Reached skill level 8 in Invocations
 21737 | Orc:2    | Found Riyka's Distillery.
 22087 | Orc:2    | Reached skill level 15 in Fighting
 22097 | Orc:2    | Reached XP level 15. HP: 127/141 MP: 20/20
 22141 | Orc:2    | Found Diaptaz's General Store.
 22148 | Orc:2    | Found Rosoik's Assorted Antiques.
 22150 | Orc:2    | Found Ocor's Antique Weapon Shoppe.
 22608 | D:13     | Reached skill level 9 in Invocations
 22928 | D:13     | Found a gate to the Vaults.
 23067 | D:13     | Noticed Urug
 23144 | D:13     | Killed Urug
 23599 | D:14     | Reached ****** piety under Elyvilon
 23663 | D:14     | Found a stormy altar of Qazlal.
 23925 | D:14     | Reached skill level 16 in Fighting
 23989 | D:14     | Reached skill level 10 in Invocations
 24456 | D:15     | Entered Level 15 of the Dungeon
 24752 | D:15     | You add the spells Ignite Poison, Sticky Flame and Ignition
                  | to your library.
 25057 | D:15     | Reached skill level 17 in Fighting
 25345 | D:15     | Noticed a frost giant
 25357 | D:15     | Killed a frost giant
 25550 | D:15     | Found a staircase to the Depths.
 25591 | D:15     | You pick up a book of Debilitation and begin reading...
 25591 | D:15     | You add the spells Slow, Vampiric Draining and Confusing
                  | Touch to your library.
 25956 | Snake:1  | Entered Level 1 of the Snake Pit
 25967 | Snake:1  | Reached skill level 18 in Fighting
 26128 | Snake:1  | Found a frozen archway.
 26152 | IceCv    | Entered an ice cave
 26463 | IceCv    | Reached skill level 21 in Axes
 27017 | IceCv    | Noticed an Ice Fiend
 27019 | IceCv    | Reached XP level 16. HP: 141/157 MP: 22/22
 27022 | IceCv    | HP: 33/157 [??? (31)]
 27029 | IceCv    | Killed an Ice Fiend
 27131 | IceCv    | You pick up a book of Ice and begin reading...
 27131 | IceCv    | You add the spells Simulacrum, Ozocubu's Refrigeration and
                  | Polar Vortex to your library.
 27133 | IceCv    | You add the spells Swiftness, Silence and Plasma Beam to
                  | your library.
 27133 | IceCv    | Got a humming book
 27134 | IceCv    | Found the +4 skin of Zhor {*Englaciate rC+++ SInv}
 27140 | IceCv    | You add the spells Mephitic Cloud and Volatile Blastmotes
                  | to your library.
 27140 | IceCv    | Got an antique book
 27538 | Snake:1  | Reached skill level 22 in Axes
 28182 | Snake:1  | magus.rc [v1.9.6]
 28202 | Snake:2  | Found a transporter.
 28225 | Snake:2  | Noticed Aizul
 28230 | Snake:2  | Killed Aizul
 28547 | Orc:2    | Bought 2 potions of experience for 1700 gold pieces
 28547 | Orc:2    | Reached skill level 23 in Axes
 28547 | Orc:2    | Reached XP level 17. HP: 163/163 MP: 23/23
 28548 | Orc:2    | Reached skill level 11 in Dodging
 28548 | Orc:2    | Reached XP level 18. HP: 172/172 MP: 24/24
 29065 | Snake:2  | Found a transporter.
 29270 | Snake:2  | Identified the amulet of Secrets {Reflect Harm rCorr Int-3
                  | SH+5}
 29300 | Snake:2  | Identified the ring of Nimiqu {rPois rC+ Int+2}
 29304 | Snake:2  | Identified the +7 battleaxe of Waamaha {speed, rElec rPois
                  | Dex+5}
 29642 | Snake:3  | Reached skill level 12 in Dodging
 30651 | Snake:4  | Entered Level 4 of the Snake Pit
 31137 | Snake:4  | Reached skill level 19 in Fighting
 31248 | Snake:4  | Reached skill level 13 in Dodging
 31366 | Snake:4  | Found Lyamy's Jewellery Emporium.
 31366 | Snake:4  | Found Pekaf's General Store.
 31426 | Snake:4  | Found Obbuh's Weapon Shoppe.
 31429 | Snake:4  | Found Veiz's Armour Emporium.
 31903 | Snake:4  | Reached XP level 19. HP: 184/184 MP: 25/25
 31950 | Snake:4  | Reached skill level 14 in Dodging
 31973 | Snake:4  | Reached skill level 20 in Fighting
 32059 | Snake:4  | Reached skill level 1 in Stealth
 32073 | Snake:4  | Reached skill level 2 in Stealth
 32170 | Snake:4  | Reached skill level 3 in Stealth
 32367 | Snake:4  | Reached skill level 4 in Stealth
 32480 | Snake:4  | Got a serpentine rune of Zot
 32650 | Lair:3   | magus.rc [v1.9.6]
 32667 | Shoals:1 | Entered Level 1 of the Shoals
 32773 | Shoals:1 | Reached skill level 5 in Stealth
 33201 | Shoals:1 | Reached skill level 6 in Stealth
 33350 | Shoals:1 | Found Umof's Antique Armour Emporium.
 33466 | Shoals:1 | You add the spells Magic Dart, Iskenderun's Mystic Blast
                  | and Animate Armour to your library.
 33466 | Shoals:1 | Got a moth-eaten book
 33628 | Shoals:1 | Found Atzet's Jewellery Boutique.
 33742 | Shoals:1 | Found Butoihu's Antique Weapon Shop.
 33744 | Shoals:1 | Identified the +9 hand axe of Causality {distort, Fly
                  | rPois}
 34457 | Shoals:2 | Reached skill level 11 in Armour
 34876 | Shoals:2 | Reached skill level 12 in Armour
 34876 | Shoals:2 | Reached skill level 15 in Dodging
 34982 | Shoals:2 | You add the spells Bombard and Lehudib's Crystal Spear to
                  | your library.
 34982 | Shoals:2 | Got a glistering book
 34985 | Shoals:2 | Identified the +2 morningstar of Guiboroitu {spect, Dex+2}
 34989 | Shoals:2 | You add the spells Blink and Manifold Assault to your
                  | library.
 35719 | Shoals:2 | Gained mutation: You passively dampen the noise of your
                  | surroundings. [potion of mutation]
 35719 | Shoals:2 | Lost mutation: You passively dampen the noise of your
                  | surroundings. [potion of mutation]
 35719 | Shoals:2 | Gained mutation: You are partially covered in iridescent
                  | scales. (AC +2) [potion of mutation]
 35951 | Shoals:3 | Reached skill level 13 in Armour
 36314 | Shoals:3 | Reached skill level 16 in Dodging
 36677 | Shoals:3 | Reached XP level 20. HP: 193/193 MP: 26/26
 36967 | Shoals:3 | You pick up a book of Scorching and begin reading...
 36967 | Shoals:3 | You add the spells Scorch, Flame Wave and Summon Cactus
                  | Giant to your library.
 37273 | Shoals:4 | Entered Level 4 of the Shoals
 37280 | Shoals:4 | Identified the +8 rapier of Moral Flaws {protect, rF+ Str+2
                  | Dex-4}
 37306 | Shoals:4 | Reached skill level 14 in Armour
 37447 | Shoals:4 | You pick up a book of Geomancy and begin reading...
 37447 | Shoals:4 | You add the spells Sandblast, Passwall and Stone Arrow to
                  | your library.
 37513 | Shoals:4 | Reached skill level 17 in Dodging
 37543 | Shoals:4 | Got a barnacled rune of Zot
 37815 | Shoals:4 | You pick up a book of Vapours and begin reading...
 37815 | Shoals:4 | You add the spells Poisonous Vapours and Freezing Cloud to
                  | your library.
 38249 | Shoals:4 | Reached skill level 18 in Dodging
 38289 | Shoals:4 | Reached skill level 3 in Evocations
 38551 | Shoals:4 | Reached skill level 4 in Evocations
 39108 | Vaults:1 | Entered Level 1 of the Vaults
 39109 | Vaults:1 | magus.rc [v1.9.6]
 39140 | Vaults:1 | Paralysed by a formless jellyfish for 1 turns
 39170 | Vaults:1 | Reached skill level 5 in Evocations
 39203 | Vaults:1 | Reached skill level 6 in Evocations
 39618 | Vaults:1 | Reached skill level 7 in Evocations
 39750 | Vaults:1 | Reached skill level 8 in Evocations
 40020 | Vaults:1 | Found Hoepol's Assorted Antiques.
 40195 | Vaults:1 | You pick up a book of Storms and begin reading...
 40195 | Vaults:1 | You add the spells Static Discharge, Airstrike and Summon
                  | Lightning Spire to your library.
 40315 | Vaults:1 | Reached skill level 9 in Evocations
 40422 | Vaults:1 | Identified the +1 short sword "Dorifoa" {speed, rC+ Int+2
                  | Stlth-}
 40644 | Vaults:1 | Reached skill level 10 in Evocations
 40848 | Vaults:1 | You pick up a book of the Tundra and begin reading...
 40848 | Vaults:1 | You add the spells Hailstorm and Summon Ice Beast to your
                  | library.
 41098 | Vaults:1 | You pick up a book of the Wilderness and begin reading...
 41098 | Vaults:1 | You add the spells Summon Forest and Summon Mana Viper to
                  | your library.
 41200 | Vaults:1 | Reached XP level 21. HP: 194/201 MP: 27/27
 41431 | Vaults:2 | Reached skill level 11 in Invocations
 41694 | Vaults:2 | Found a portal to a secret trove of treasure.
 41755 | Vaults:2 | Reached skill level 12 in Invocations
 42063 | Vaults:2 | You pick up a book of Unlife {forbidden} and begin
                  | reading...
 42063 | Vaults:2 | You add the spells Animate Dead, Borgnjor's Vile Clutch and
                  | Death Channel to your library.
 42541 | Vaults:2 | Reached skill level 15 in Armour
 43051 | Snake:4  | Bought the amulet of the Four Winds {rN+ Will+++ Clar} for
                  | 1092 gold pieces
 43051 | Snake:4  | Found the amulet of the Four Winds {rN+ Will+++ Clar}
 43446 | Vaults:3 | Found a staircase to the Crypt.
 43935 | Vaults:3 | Reached skill level 19 in Dodging
 44065 | Vaults:3 | Paralysed by a formless jellyfish for 1 turns
 44191 | Vaults:3 | Reached skill level 16 in Armour
 44866 | Vaults:3 | You are sucked into a shaft and drop 1 floor!
 45375 | Vaults:4 | Reached skill level 20 in Dodging
 45465 | Vaults:4 | Found a gateway to a bazaar.
 45491 | Bazaar   | Entered a bazaar
 45492 | Bazaar   | Found Jout's Weapon Shoppe.
 45512 | Bazaar   | Found Emeargh's Magic Scroll Emporium.
 45541 | Bazaar   | Found Petrixta's Jewellery Shop.
 45546 | Bazaar   | Found Fabluser's Weapon Emporium.
 45587 | Bazaar   | Bought a scroll of enchant armour for 67 gold pieces
 45587 | Bazaar   | Bought a scroll of brand weapon for 85 gold pieces
 46408 | Vaults:4 | Reached XP level 22. HP: 163/209 MP: 30/30
 46600 | Vaults:4 | Found a runed translucent gate.
 46600 | Vaults:4 | Found a runed translucent gate.
 46600 | Vaults:4 | Found a runed translucent gate.
 46790 | Vaults:4 | Identified the +2 arbalest of Starshine {penet, rElec Will+
                  | Dex-2}
 46794 | Vaults:4 | Identified the +7 arbalest of the Apocalypse {drain, Fly
                  | Will+ Str-3 SInv}
 46986 | Vaults:4 | Reached skill level 21 in Dodging
 47471 | Vaults:4 | Reached skill level 13 in Invocations
 47514 | Vaults:4 | Found a runed translucent gate.
 47514 | Vaults:4 | Found a runed translucent gate.
 47523 | Vaults:4 | Noticed Inony's ghost (master FoHu)
 47523 | Vaults:4 | Found a runed translucent gate.
 47570 | Vaults:4 | Killed Inony's ghost
 47581 | Vaults:4 | Identified the +2 pair of gloves "Nainuagis" {rF+ rN+
                  | Stlth-}
 47984 | Elf:1    | Entered Level 1 of the Elven Halls
 47990 | Elf:1    | Reached skill level 14 in Invocations
 48023 | Elf:1    | You pick up a book of Debilitation and begin reading...
 48137 | Elf:1    | Noticed Kirke
 48151 | Elf:1    | Killed Kirke
 48159 | Elf:1    | Found Qykia's Armour Boutique.
 48585 | Elf:1    | Got a worn book
 48591 | Elf:1    | You pick up a book of Sloth and begin reading...
 48591 | Elf:1    | You add the spells Frozen Ramparts, Petrify and Metabolic
                  | Englaciation to your library.
 48918 | Elf:2    | Found Iziogyro's Magic Scroll Emporium.
 48946 | Elf:2    | Found Wiacohoo's Assorted Antiques.
 48946 | Elf:2    | Found Qeriad's Magic Scroll Shoppe.
 48956 | Elf:2    | Found Amishrynn's Antique Armour Shoppe.
 49023 | Elf:2    | Found a magical portal.
 49037 | Elf:2    | Reached skill level 15 in Invocations
 49122 | WizLab   | Entered Cigotuvi's Fleshworks
 49429 | WizLab   | Identified the amulet "Ovepunn" {Reflect Int+4 SH+5}
 49504 | WizLab   | You add the spells Necrotise, Sublimation of Blood and
                  | Eringya's Noxious Bog to your library.
 49504 | WizLab   | Got a moth-eaten book
 49821 | WizLab   | Reached skill level 16 in Invocations
 50277 | Elf:2    | You pick up a book of Displacement and begin reading...
 50277 | Elf:2    | You add the spells Lesser Beckoning, Gell's Gravitas and
                  | Teleport Other to your library.
 50571 | Elf:2    | Acquired 1243 gold pieces
 50606 | Elf:2    | Found a huge runed translucent gate.
 50607 | Elf:2    | Found a huge runed translucent gate.
 50609 | Elf:2    | Found a huge runed translucent gate.
 50617 | Elf:2    | Found a huge runed translucent gate.
 50617 | Elf:2    | Found a huge runed translucent gate.
 50965 | Elf:2    | Bought a scroll of acquirement for 676 gold pieces
 50965 | Elf:2    | Acquired a manual of Invocations
 51044 | Elf:3    | Entered Level 3 of the Elven Halls
 51299 | Elf:3    | Reached skill level 17 in Invocations
 51468 | Elf:3    | Noticed Zenata
 51493 | Elf:3    | Killed Zenata
 52000 | Elf:3    | magus.rc [v1.9.6]
 52112 | Elf:3    | Reached skill level 18 in Invocations
 52184 | Elf:3    | Reached XP level 23. HP: 215/215 MP: 35/35
 52264 | Elf:3    | Reached skill level 19 in Invocations
 52409 | Elf:3    | Identified the ring "Noesiele" {rPois EV+5}
 52624 | Elf:3    | Reached skill level 20 in Invocations
 52838 | Elf:3    | Identified the +0 leather armour of Farfalle {rElec}
 52876 | Elf:3    | Identified the +8 rapier "Worm's Wrath" {heavy, *Noise rC+
                  | rCorr Dex+6}
 52884 | Elf:3    | HP: 51/301 [???[a deep elf demonologist] (31)]
 53258 | Elf:3    | You pick up a book of Spectacle and begin reading...
 53258 | Elf:3    | You add the spells Dazzling Flash, Starburst and Maxwell's
                  | Capacitive Coupling to your library.
 53262 | Elf:3    | You add the spells Malign Gateway and Summon Horrible
                  | Things to your library.
 53264 | Elf:3    | You pick up a book of Blood and begin reading...
 53264 | Elf:3    | You add the spells Wereblood and Summon Hydra to your
                  | library.
 53342 | Elf:3    | Got a peculiar book
 53348 | Elf:3    | You pick up a book of Decay {forbidden} and begin
                  | reading...
 53348 | Elf:3    | You add the spells Cigotuvi's Dreadful Rot and Dispel
                  | Undead to your library.
 53352 | Elf:3    | Identified the staff "Romekkud" {rPois Dex+5 Poison}
 53360 | Elf:3    | You pick up a book of Conjurations {@e2} and begin
                  | reading...
 53425 | Elf:3    | You pick up a book of Misfortune and begin reading...
 53793 | Vaults:1 | Bought 3 scrolls of blinking for 945 gold pieces
 53959 | Depths:1 | Entered Level 1 of the Depths
 53959 | Depths:1 | Found a one-way gate to the infinite horrors of the Abyss.
 54167 | Depths:1 | Found a one-way gate leading to the halls of Pandemonium.
 54307 | Depths:1 | Found a gateway to Hell.
 54421 | Depths:1 | Noticed an ancient lich
 54441 | Depths:1 | Killed an ancient lich
 54571 | Depths:1 | Learned a level 2 spell: Wereblood
 54606 | Depths:1 | Reached skill level 1 in Transmutations
 54616 | Depths:1 | Reached skill level 2 in Transmutations
 54626 | Depths:1 | Reached skill level 3 in Transmutations
 54849 | Depths:1 | Reached skill level 4 in Transmutations
 54895 | Depths:1 | Identified the ring "Ahathez" {rElec Int+6}
 55053 | Depths:1 | Got a resplendent book {forbidden}
 55258 | Depths:2 | Noticed Sojobo
 55266 | Depths:2 | Reached skill level 5 in Transmutations
 55268 | Depths:2 | Killed Sojobo
 55566 | Depths:2 | Reached skill level 6 in Transmutations
 55588 | Depths:2 | Paralysed by a floating eye for 4 turns
 55605 | Depths:2 | Reached skill level 21 in Fighting
 55608 | Depths:2 | Reached XP level 24. HP: 104/228 MP: 36/36
 55874 | Depths:2 | Identified +0 gold dragon scales
 55875 | Depths:2 | Reached skill level 22 in Dodging
 55876 | Depths:2 | +0 gold dragon scales {rare}; a golden dragon corpse
 55880 | Depths:2 | 6 large rocks {=fthrowing}; +0 gold dragon scales {rare}; a
                  | golden dragon corpse
 55931 | Depths:2 | Identified the staff of Flawed Execution {rElec SInv Air}
 55933 | Depths:2 | 6 large rocks {=fthrowing}; +0 gold dragon scales {rare}; a
                  | golden dragon corpse
 56214 | Depths:2 | You pick up a book of the Wilderness and begin reading...
 56224 | Depths:2 | +0 shadow dragon scales {rare}; a shadow dragon corpse
 56228 | Depths:2 | +0 shadow dragon scales {rare}; a shadow dragon corpse
 56228 | Depths:2 | e - +0 shadow dragon scales {rare}
 56291 | Depths:2 | Identified the +1 arbalest "Qeva" {freeze, rC+ Str+3 Dex+3}
 56311 | Depths:2 | Identified the +2 leather armour "Faganist" {Will+}
 56857 | Depths:2 | You finish taking off your quicksilver dragon scales
                  | {rare}.
 56862 | Depths:2 | You finish putting on your +0 shadow dragon scales {rare}.
 56867 | Depths:2 | You finish taking off your +0 shadow dragon scales {rare}.
 56872 | Depths:2 | You finish putting on your quicksilver dragon scales
                  | {rare}.
 56872 | Depths:2 | You drop +0 shadow dragon scales {rare}.
 57065 | Depths:3 | Reached skill level 22 in Fighting
 57251 | Depths:3 | Got a conspicuous book
 57456 | Depths:3 | Reached skill level 23 in Dodging
 57696 | Depths:3 | You are sucked into a shaft and drop 1 floor!
 57696 | Depths:4 | Entered Level 4 of the Depths
 57701 | Depths:4 | Found a one-way gateway to a ziggurat.
 57962 | Depths:3 | Learned a level 5 spell: Yara's Violent Unravelling
 58554 | Depths:4 | Reached skill level 23 in Fighting
 58690 | Depths:4 | Noticed a caustic shrike
 58692 | Depths:4 | Noticed a caustic shrike
 58693 | Depths:4 | Noticed a caustic shrike
 58701 | Depths:4 | Killed a caustic shrike
 58707 | Depths:4 | Killed a caustic shrike
 58716 | Depths:4 | Killed a caustic shrike
 59485 | Depths:4 | Found Pylored's Magic Scroll Shop.
 59490 | Depths:4 | Bought a scroll of blinking for 142 gold pieces
 59490 | Depths:4 | Bought a scroll of blinking for 142 gold pieces
 59541 | Depths:4 | Found a hazy altar of Hepliaklqana.
 59691 | Depths:4 | Found a gate to the Realm of Zot.
 59999 | Vaults:5 | Entered Level 5 of the Vaults
 60019 | Vaults:5 | Noticed an ancient lich
 60025 | Vaults:5 | Reached skill level 24 in Dodging
 60027 | Vaults:5 | Killed an ancient lich
 60028 | Vaults:5 | Reached XP level 25. HP: 304/343 MP: 50/50
 60039 | Vaults:5 | Reached skill level 24 in Fighting
 60097 | Vaults:5 | Reached skill level 17 in Armour
 60173 | Vaults:5 | Reached skill level 18 in Armour
 60460 | Vaults:5 | Reached skill level 19 in Armour
 60521 | Vaults:5 | You pick up a book of Displacement and begin reading...
 60550 | Vaults:5 | Identified the +7 orcbow "Piuwief" {drain, Int+4}
 60554 | Vaults:5 | You pick up a book of Ice and begin reading...
 60580 | Vaults:5 | Identified the +0 leather armour of Submission {+Blink rN+}
 60620 | Vaults:5 | +0 shadow dragon scales {rare}; a shadow dragon skeleton
 60626 | Vaults:5 | Reached skill level 1 in Hexes
 60634 | Vaults:5 | Identified the ring of Hozo {rF+ Dex+5}
 60635 | Vaults:5 | Found the ring of the Hare {EV+10}
 60645 | Vaults:5 | Reached skill level 2 in Hexes
 60744 | Vaults:5 | Found Picadgh's Distillery.
 60753 | Vaults:5 | You pick up a book of Unlife {forbidden} and begin
                  | reading...
 60756 | Vaults:5 | Got a gaudy book
 60866 | Vaults:5 | Reached skill level 21 in Invocations
 60885 | Vaults:5 | Identified the +4 shortbow "Jebb" {heavy, Str+4 Dex+2}
 60958 | Vaults:5 | Got a silver rune of Zot
 60975 | Vaults:5 | You pick up a book of Unlife {forbidden} and begin
                  | reading...
 60978 | Vaults:5 | Identified the ring of Tender Moments {rPois rF- rCorr
                  | Int+8}
 61590 | Vaults:5 | Identified the +0 pair of boots of Vlad {+Inv}
 61697 | Vaults:5 | Reached skill level 22 in Invocations
 61927 | Vaults:5 | Noticed an ancient lich
 61936 | Vaults:5 | Killed an ancient lich
 62275 | Vaults:5 | Got a leatherbound book
 62699 | D:12     | Bought +0 pearl dragon scales for 1600 gold pieces
 62699 | D:12     | D - +0 pearl dragon scales {rare=g}
 62704 | D:12     | You finish taking off your quicksilver dragon scales
                  | {rare}.
 62709 | D:12     | You finish putting on your +0 pearl dragon scales {rare=g}.
 62709 | D:12     | You drop quicksilver dragon scales {rare}.
 62712 | D:12     | your +0 pearl dragon scales {rare=g} glow green for a
                  | moment.
 62713 | D:12     | your +1 pearl dragon scales {rare=g} glow green for a
                  | moment.
 62714 | D:12     | your +2 pearl dragon scales {rare=g} glow green for a
                  | moment.
 62715 | D:12     | your +3 pearl dragon scales {rare=g} glow green for a
                  | moment.
 62716 | D:12     | your +4 pearl dragon scales {rare=g} glow green for a
                  | moment.
 62717 | D:12     | your +5 pearl dragon scales {rare=g} glow green for a
                  | moment.
 62927 | Depths:4 | Bought a scroll of enchant armour for 142 gold pieces
 62927 | Depths:4 | your +6 pearl dragon scales {rare=g} glow green for a
                  | moment.
 62992 | Zot:1    | Entered Level 1 of the Realm of Zot
 63190 | Zot:4    | quicksilver dragon scales {rare}; a quicksilver dragon
                  | corpse
 63607 | Zot:4    | Identified +0 gold dragon scales
 63609 | Zot:4    | +0 gold dragon scales {rare}; a golden dragon corpse
 63710 | Zot:4    | Reached XP level 26. HP: 245/254 MP: 37/37
 63765 | Zot:4    | Reached skill level 23 in Invocations
 63942 | Zot:4    | +0 gold dragon scales {rare}; a golden dragon skeleton
 64110 | Zot:5    | Entered Level 5 of the Realm of Zot
 64194 | Zot:5    | +0 storm dragon scales {rare}; a storm dragon corpse
 64488 | Zot:5    | Noticed an ancient lich
 64514 | Zot:5    | Killed an ancient lich
 64675 | Zot:5    | Reached skill level 24 in Invocations
 64675 | Zot:5    | Reached XP level 27. HP: 219/261 MP: 38/38
 64698 | Zot:5    | Noticed an orb of fire
 64700 | Zot:5    | Gained mutation: You are clumsy. (Dex -2) [an orb of fire]
 64708 | Zot:5    | Killed an orb of fire
 64709 | Zot:5    | Noticed an orb of fire
 64711 | Zot:5    | Noticed an electric golem
 64715 | Zot:5    | Noticed an orb of fire
 64716 | Zot:5    | Killed an orb of fire
 64716 | Zot:5    | Noticed an orb of fire
 64717 | Zot:5    | Gained mutation: You are weak. (Str -2) [an orb of fire]
 64720 | Zot:5    | Noticed an orb of fire
 64723 | Zot:5    | Gained mutation: You occasionally shout uncontrollably at
                  | your foes. [an orb of fire]
 64725 | Zot:5    | Killed an orb of fire
 64735 | Zot:5    | Gained mutation: Potions are less effective at restoring
                  | your health. [an orb of fire]
 64740 | Zot:5    | Killed an orb of fire
 64747 | Zot:5    | Gained mutation: You sometimes lose your temper in combat.
                  | [an orb of fire]
 64755 | Zot:5    | Killed an orb of fire
 64756 | Zot:5    | Reached skill level 20 in Armour
 64761 | Zot:5    | Killed an electric golem
 64852 | Zot:5    | Lost mutation: You are clumsy. (Dex -2) [potion of
                  | mutation]
 64852 | Zot:5    | Lost mutation: You are weak. (Str -2) [potion of mutation]
 64852 | Zot:5    | Lost mutation: Potions are less effective at restoring your
                  | health. [potion of mutation]
 64852 | Zot:5    | Gained mutation: You are frail. (-10% HP) [potion of
                  | mutation]
 64852 | Zot:5    | Gained mutation: You occasionally lose the ability to read
                  | scrolls when taking damage. [potion of mutation]
 64852 | Zot:5    | Gained mutation: You are mostly covered in iridescent
                  | scales. (AC +4) [potion of mutation]
 64853 | Zot:5    | Lost mutation: You are mostly covered in iridescent scales.
                  | (AC +4) [potion of mutation]
 64853 | Zot:5    | Lost mutation: You are frail. (-10% HP) [potion of
                  | mutation]
 64853 | Zot:5    | Lost mutation: You sometimes lose your temper in combat.
                  | [potion of mutation]
 64853 | Zot:5    | Gained mutation: Your mind is acute. (Int +4, Str/Dex -1)
                  | [potion of mutation]
 64854 | Zot:5    | Lost mutation: You are partially covered in iridescent
                  | scales. (AC +2) [potion of mutation]
 64854 | Zot:5    | Lost mutation: You occasionally shout uncontrollably at
                  | your foes. [potion of mutation]
 64854 | Zot:5    | Gained mutation: You have sharp toenails. [potion of
                  | mutation]
 64854 | Zot:5    | Gained mutation: You have a pair of large horns on your
                  | head. [potion of mutation]
 64854 | Zot:5    | Gained mutation: You have very sharp teeth. [potion of
                  | mutation]
 64855 | Zot:5    | Lost mutation: You have a pair of large horns on your head.
                  | [potion of mutation]
 64855 | Zot:5    | Lost mutation: You have sharp toenails. [potion of
                  | mutation]
 64855 | Zot:5    | Lost mutation: You occasionally lose the ability to read
                  | scrolls when taking damage. [potion of mutation]
 64855 | Zot:5    | Gained mutation: You possess an exceptional clarity of
                  | mind. [potion of mutation]
 64855 | Zot:5    | Gained mutation: You are robust. (+10% HP) [potion of
                  | mutation]
 64855 | Zot:5    | Gained mutation: You are somewhat resistant to further
                  | mutation. [potion of mutation]
 64929 | Zot:5    | Noticed a dread lich
 64949 | Zot:5    | Killed a dread lich
 65124 | Zot:5    | Reached skill level 25 in Invocations
 65124 | Zot:5    | Got the Orb of Zot
 65139 | Zot:5    | Noticed a dread lich
 65142 | Zot:5    | Noticed an electric golem
 65651 | D:3      | Noticed Natasha
 65702 | D:1      | your +7 pearl dragon scales {rare=g} melds into your body.
 65703 | D:1      | your +7 pearl dragon scales {rare=g} unmelds from your
                  | body.
 65703 | D:1      | Killed Natasha
 65707 | D:$      | Escaped with the Orb!

Vanquished Creatures
  A dread lich (Zot:5)
  4 ancient liches
  5 orbs of fire (Zot:5)
  Sojobo (Depths:2)
  The ghost of Inony the Crack Shot, a master FoHu of Okawaru (Vaults:4)
  A Killer Klown (Zot:5)
  3 caustic shrikes (Depths:4)
  5 golden dragons
  A Brimstone Fiend (D:13)
  An electric golem (Zot:5)
  10 tentacled monstrosities
  Zenata (Elf:3)
  An Ice Fiend (IceCv)
  7 liches
  22 Orb Guardians
  A walking earthen tome (Depths:3)
  5 titans
  3 deep elf blademasters (Elf:3)
  3 quicksilver dragons
  A deep elf master archer (Elf:3)
  6 sphinxes
  A walking frostbound tome (Depths:3)
  7 krakens
  2 death cobs (Zot:5)
  Kirke (Elf:1)
  13 shadow dragons
  9 storm dragons
  A nagaraja (Snake:4)
  10 tengu reavers
  13 fire giants
  Aizul (Snake:2)
  20 vault wardens
  A demonspawn warmonger (D:4)
  A draconian knight (Depths:4)
  A ghost moth (Zot:2)
  2 iron dragons
  8 deep elf sorcerers
  A draconian scorcher (Zot:5)
  2 draconian shifters
  6 deep elf elementalists
  An angel (D:15)
  3 cacodemons (Vaults:4)
  7 frost giants
  2 orc warlords
  A spriggan defender (Depths:2)
  A draconian annihilator (Depths:4)
  4 formless jellyfish
  A broodmother (shapeshifter) (Vaults:5)
  5 war gargoyles
  20 ironbound preservers
  A quicksilver ooze (shapeshifter) (Vaults:5)
  49 very ugly things
  A demonspawn blood saint (D:4)
  2 reapers
  15 stone giants
  5 ironbound thunderhulks
  4 vampire knights
  7 deep elf demonologists
  A lorocyproca (Depths:1)
  4 green draconians
  A yellow draconian (Zot:4)
  3 black draconians
  A purple draconian (Depths:4)
  5 dire elephants
  3 red draconians
  10 deep elf annihilators
  5 white draconians
  2 spark wasps
  10 merfolk javelineers
  16 deep elf death magi
  15 ettins
  2 eidola (Vaults:3)
  2 jiangshi (Depths:2)
  5 great orbs of eyes
  8 merfolk impalers
  3 entropy weavers (Vaults:3)
  4 rakshasas
  8 deep elf high priests
  20 yaktaur captains
  3 salamander tyrants (Snake:4)
  Harold (Lair:2)
  10 fire dragons
  29 vault guards
  A catoblepas (D:14)
  A hydra (D:14)
  2 ogre magi
  8 ice dragons
  5 spriggan air magi
  3 satyrs
  6 merfolk avatars
  2 peacekeepers (Vaults:3)
  Erica (D:8)
  8 ironbound frosthearts
  7 boulder beetles
  15 naga warriors
  12 two-headed ogres
  11 anacondas
  20 centaur warriors
  5 merfolk aquamancers
  3 alligator snapping turtles
  4 deep troll shamans
  A death yak (Lair:3)
  7 tengu warriors
  5 naga sharpshooters (Snake:4)
  8 deep troll earth magi
  3 orc high priests (Orc:2)
  3 vampire magi
  A sphinx skeleton (Depths:1)
  12 dancing weapons
  7 shock serpents
  Urug (D:13)
  A soul eater (Depths:1)
  7 spriggan berserkers
  A sun demon (Depths:2)
  3 spriggans
  12 deep elf knights
  11 hell knights
  10 salamander mystics
  3 shadow wraiths
  5 skeletal warriors (Depths:1)
  A skyshark (shapeshifter) (WizLab)
  5 skysharks
  59 deep trolls
  3 iron trolls (Depths:1)
  8 naga ritualists
  5 flayed ghosts
  A death drake (shapeshifter) (Vaults:5)
  5 glowing orange brains
  16 sea snakes
  An orb spider (shapeshifter) (Vaults:5)
  20 lindwurms
  A shadow demon (D:4)
  An obsidian statue (IceCv)
  A tengu zombie (Depths:1)
  A swamp dragon (Lair:5)
  A swamp dragon (shapeshifter) (D:15)
  12 deep elf archers
  9 spriggan simulacra (IceCv)
  28 harpies
  A golden dragon skeleton (Depths:1)
  2 harpies (shapeshifter)
  A bog body (IceCv)
  35 deep elf pyromancers
  19 ironbound convokers
  8 phantasmal warriors
  7 wizards
  12 mana vipers
  10 orc knights
  8 necromancers
  32 ugly things
  15 fauns
  30 deep elf zephyrmancers
  5 oklob plants (Lair:2)
  7 orc sorcerers
  A shining eye (shapeshifter) (Vaults:4)
  22 salamanders
  A spectral spriggan (Depths:1)
  16 cyclopes
  A moth of wrath (shapeshifter) (WizLab)
  8 moths of wrath
  8 elephants
  16 manticores
  A guardian serpent (shapeshifter) (Elf:3)
  6 guardian serpents
  2 black mambas (shapeshifter)
  A rust devil (D:15)
  24 vault sentinels
  41 black mambas
  11 naga magi
  An orange demon (Depths:1)
  10 water nymphs
  12 cane toads
  2 unseen horrors
  13 merfolk sirens
  2 cane toads (shapeshifter) (WizLab)
  A torpor snail (Lair:5)
  Maggie (D:6)
  4 rime drakes
  Psyche (D:8)
  4 rime drakes (shapeshifter)
  2 kobold demonologists (D:12)
  Jeremiah (D:6)
  9 komodo dragons
  2 unseen horrors (shapeshifter) (WizLab)
  49 yaktaurs
  2 anaconda simulacra (IceCv)
  A komodo dragon (shapeshifter) (WizLab)
  3 freezing wraiths
  2 golden dragon simulacra (IceCv)
  A yaktaur (shapeshifter) (Vaults:4)
  13 ice devils
  2 tengu conjurers (Depths:3)
  2 meliai (shapeshifter)
  2 queen bees (shapeshifter)
  41 merfolk
  8 wind drakes
  12 polar bears
  3 hornets
  A wind drake (shapeshifter) (Vaults:4)
  A hellwing (Depths:1)
  5 trolls
  3 meliai (D:13)
  A tarantella (shapeshifter) (WizLab)
  3 hornets (shapeshifter) (WizLab)
  A nameless horror (Vaults:5)
  3 blink frogs (shapeshifter)
  A dream sheep (shapeshifter) (Vaults:5)
  2 raiju (Lair:5)
  A raiju (shapeshifter) (WizLab)
  9 snapping turtles
  3 air elementals
  9 dream sheep
  A centaur simulacrum (D:14)
  7 large abominations (WizLab)
  Sigmund (D:3)
  39 slime creatures
  2 yaks (shapeshifter)
  A shadow (D:11)
  2 wraiths
  2 jumping spiders (shapeshifter)
  64 yaks
  3 spriggans (shapeshifter)
  15 water elementals
  7 wyverns
  5 fire elementals
  Grum (D:8)
  3 dire elephant simulacra (IceCv)
  A hog (shapeshifter) (Vaults:5)
  5 basilisks
  4 fire bats (Depths:3)
  4 hogs (Elf:1)
  A ynoxinul (Depths:1)
  A human (shapeshifter) (WizLab)
  3 redbacks (Vaults:3)
  A basilisk (shapeshifter) (WizLab)
  4 chaos spawn
  2 neqoxecs (Depths:1)
  3 minotaur simulacra (IceCv)
  6 steam dragons
  An iron golem (WizLab)
  8 vampire mosquitoes
  A human zombie (Depths:1)
  33 nagas
  A swamp worm (shapeshifter) (Depths:4)
  6 wargs
  Edmund (D:5)
  2 acid dragons
  15 hell hounds (Lair:5)
  A water moccasin (shapeshifter) (Vaults:4)
  3 swamp drakes (Lair:5)
  Duvessa (D:5)
  5 floating eyes
  18 orc warriors
  26 water moccasins
  16 black bears
  3 ice beasts
  3 sky beasts
  6 ogres
  A boggart (Vaults:1)
  6 small abominations (WizLab)
  23 wolves
  13 centaurs
  A phantom (D:7)
  17 bullfrogs
  5 kobold brigands
  2 earth elementals
  4 scorpions
  8 deep troll simulacra (IceCv)
  Dowan (D:5)
  22 killer bees
  3 lindwurm simulacra (IceCv)
  5 electric eels
  9 howler monkeys
  16 orc priests
  2 hounds
  2 gnoll boudas
  2 jellies
  2 sleepcaps
  Jessica (D:3)
  9 iguanas
  Terence (D:2)
  Natasha (thrice) (D:3 D:1)
  18 orc wizards
  5 hell rats (Lair:5)
  10 gnolls
  33 adders
  2 white imps
  4 ufetubi
  3 dart slugs
  52 orcs
  5 ball pythons
  A bat (D:1)
  3 endoplasms (D:1)
  4 giant cockroaches
  3 goblins
  2 hobgoblins (D:1)
  2 quokkas
  A frilled lizard (D:1)
  16 kobolds
  3 rats
  5 tentacles
2144 creatures vanquished.

Vanquished Creatures (collateral kills)
  A mutant beast (WizLab)
  A wolf (D:8)
  A centaur (D:7)
  4 orcs
7 creatures vanquished.

Vanquished Creatures (others)
  A fire giant (Depths:2)
  A draconian scorcher (Zot:5)
  A spark wasp (Depths:3)
  A glowing orange brain (shapeshifter) (Depths:3)
  A phantasmal warrior (Depths:2)
  A manticore (Shoals:4)
  A tengu conjurer (D:14)
  A komodo dragon (Lair:5)
  2 merfolk
  2 wind drakes (Shoals:4)
  A water elemental (Elf:3)
  24 tentacles
37 creatures vanquished.

Grand Total: 2188 creatures vanquished

Table legend:
 A = Non-vault XP
 B = Vault XP
 C = Vault XP percentage of total XP
 D = Non-vault monster count
 E = Vault monster count
 F = Vault count percentage of total count
                 A         B        C        D         E       F
            +---------+---------+-------+---------+---------+-------
      Total |  595536 |  657648 |  52.5 |    1218 |     923 |  43.1
            +---------+---------+-------+---------+---------+-------
        D:1 |      60 |       0 |   0.0 |      16 |       0 |   0.0
        D:2 |      25 |      50 |  66.7 |       7 |       2 |  22.2
        D:3 |      48 |     335 |  87.5 |       7 |       6 |  46.2
        D:4 |     510 |       0 |   0.0 |      20 |       0 |   0.0
        D:5 |    1007 |     449 |  30.8 |      21 |       5 |  19.2
        D:6 |    1096 |     754 |  40.8 |      28 |       2 |   6.7
        D:7 |    2188 |       0 |   0.0 |      31 |       0 |   0.0
        D:8 |    1672 |    1889 |  53.0 |      21 |       7 |  25.0
        D:9 |    3757 |       0 |   0.0 |      25 |       0 |   0.0
       D:10 |    2478 |     529 |  17.6 |      21 |       7 |  25.0
       D:11 |    4407 |    1077 |  19.6 |      15 |       9 |  37.5
       D:12 |    6097 |     371 |   5.7 |      25 |       5 |  16.7
       D:13 |    4686 |    3542 |  43.0 |      16 |       5 |  23.8
       D:14 |    9973 |       0 |   0.0 |      21 |       0 |   0.0
       D:15 |   10966 |    4197 |  27.7 |      27 |       6 |  18.2
     Temple |      12 |       0 |   0.0 |       4 |       0 |   0.0
     Lair:1 |    5416 |       0 |   0.0 |      24 |       0 |   0.0
     Lair:2 |    3404 |    4673 |  57.9 |      15 |      13 |  46.4
     Lair:3 |    6128 |    3440 |  36.0 |      20 |      37 |  64.9
     Lair:4 |    6986 |       0 |   0.0 |      24 |       0 |   0.0
     Lair:5 |    7010 |   14202 |  67.0 |      30 |      75 |  71.4
   Shoals:1 |   18576 |       0 |   0.0 |      33 |       0 |   0.0
   Shoals:2 |   17029 |   18723 |  52.4 |      30 |      30 |  50.0
   Shoals:3 |   28302 |    4162 |  12.8 |      51 |       8 |  13.6
   Shoals:4 |   13593 |   21705 |  61.5 |      28 |      41 |  59.4
    Snake:1 |   11123 |    3035 |  21.4 |      22 |       7 |  24.1
    Snake:2 |   11792 |    4480 |  27.5 |      22 |       8 |  26.7
    Snake:3 |   12986 |       0 |   0.0 |      28 |       0 |   0.0
    Snake:4 |   17089 |   34667 |  67.0 |      35 |      53 |  60.2
      Orc:1 |    2862 |       0 |   0.0 |      35 |       0 |   0.0
      Orc:2 |    7704 |    8063 |  51.1 |      19 |      25 |  56.8
      Elf:1 |    6277 |    9806 |  61.0 |      11 |      18 |  62.1
      Elf:2 |   22647 |    1636 |   6.7 |      35 |       2 |   5.4
      Elf:3 |   32066 |   42360 |  56.9 |      53 |      40 |  43.0
   Vaults:1 |   30656 |   34958 |  53.3 |      54 |      45 |  45.5
   Vaults:2 |   30664 |   19761 |  39.2 |      44 |      27 |  38.0
   Vaults:3 |   24147 |   20988 |  46.5 |      36 |      27 |  42.9
   Vaults:4 |   25096 |   45112 |  64.3 |      40 |      53 |  57.0
   Vaults:5 |   34896 |  117542 |  77.1 |      43 |     109 |  71.7
   Depths:1 |   26265 |   26910 |  50.6 |      30 |      34 |  53.1
   Depths:2 |   25813 |   59528 |  69.8 |      30 |      57 |  65.5
   Depths:3 |   41305 |   19646 |  32.2 |      53 |      17 |  24.3
   Depths:4 |   34123 |   18322 |  34.9 |      31 |      17 |  35.4
      Zot:1 |     505 |       0 |   0.0 |       1 |       0 |   0.0
      Zot:2 |    1219 |       0 |   0.0 |       1 |       0 |   0.0
      Zot:4 |   22549 |       0 |   0.0 |      18 |       0 |   0.0
      Zot:5 |   18326 |   73177 |  80.0 |      17 |      29 |  63.0
      IceCv |       0 |   16435 | 100.0 |       0 |      45 | 100.0
     WizLab |       0 |   21124 | 100.0 |       0 |      52 | 100.0
            +---------+---------+-------+---------+---------+-------

Skill      XL: |  1  2  3  4  5  6  7  8  9 10 11 12 13 14 15 16 17 18 19 20 21 22 23 24 25 26 27 |
---------------+----------------------------------------------------------------------------------+-----
Fighting       | 2 3 5 7 8 11 12 14 15 18 19 20 21 23 24 | 24.0
Short Blades   | 1 |  1.2
Armour         | 4 5 6 8 10 13 14 16 19 20 | 20.0
Maces & Flails | 4 |  4.7
Axes           | 4 9 13 14 17 20 21 23 | 23.8
Shields        | 5 6 |  6.0
Invocations    | 7 8 10 12 18 20 22 24 25 | 25.2
Dodging        | 3 7 10 11 13 16 18 20 21 24 | 24.0
Stealth        | 6 |  6.0
Evocations     | 10 | 10.0
Transmutations | 6 |  6.0
Hexes          | 2 |  2.7

Action                     |  1- 3 |  4- 6 |  7- 9 | 10-12 | 13-15 | 16-18 | 19-21 | 22-24 | 25-27 || total
---------------------------+-------+-------+-------+-------+-------+-------+-------+-------+-------++-------
  Melee: Club              |    45 |       |       |       |       |       |       |       |       ||    45
         Headbutt          |    11 |    13 |    33 |    73 |   185 |   111 |   522 |   581 |   344 ||  1873
         Dagger            |    15 |       |       |       |       |       |       |       |       ||    15
         Quarterstaff      |     2 |    31 |       |       |       |       |       |       |       ||    33
         Unarmed           |     1 |       |       |       |       |       |       |       |       ||     1
         Flail             |       |    39 |    11 |       |       |       |       |       |       ||    50
         Punch             |       |     1 |     4 |       |       |       |       |       |       ||     5
         War axe           |       |       |   169 |       |       |       |       |       |       ||   169
         Broad axe         |       |       |    40 |   361 |   310 |       |       |       |       ||   711
         Executioner's axe |       |       |       |       |   544 |   122 |       |       |       ||   666
         Battleaxe         |       |       |       |       |       |   283 |  1657 |  1746 |   912 ||  4598
         Bite              |       |       |       |       |       |       |       |       |    31 ||    31
  Throw: Dart              |       |     3 |    15 |     3 |     1 |       |       |       |       ||    22
   Cast: Wereblood         |       |       |       |       |       |       |       |    15 |    16 ||    31
 Invoke: Heal Self         |       |       |       |     1 |       |     3 |     4 |     4 |     2 ||    14
         Heal Other        |       |       |       |     3 |    18 |     2 |    17 |     6 |     1 ||    47
         Divine Vigour     |       |       |       |       |     2 |     3 |     5 |    10 |     3 ||    23
         Purification      |       |       |       |       |       |       |       |       |     1 ||     1
  Evoke: Wand              |     6 |     5 |    15 |    39 |     3 |     3 |     4 |     4 |     3 ||    82
         Condenser vane    |       |       |       |       |       |       |     2 |     3 |       ||     5
         Lightning rod     |       |       |       |       |       |       |     1 |     9 |       ||    10
         Phantom mirror    |       |       |       |       |       |       |       |     3 |     1 ||     4
    Use: Scroll            |       |       |    14 |    14 |    12 |     3 |     8 |    12 |    14 ||    77
         Potion            |       |       |       |       |       |     3 |     1 |     7 |    16 ||    27
   Stab: Paralysed         |       |       |       |     1 |       |       |       |       |       ||     1
         Sleeping          |       |       |       |     2 |     3 |     1 |    29 |    12 |       ||    47
         Petrified         |       |       |       |     1 |       |       |       |       |       ||     1
         Distracted        |       |       |       |       |     3 |       |     1 |     6 |     1 ||    11
 Armour: Leather armour    |    19 |       |       |       |       |       |       |       |       ||    19
         Scale mail        |    18 |    25 |       |       |       |       |       |       |       ||    43
         Chain mail        |       |    31 |   163 |       |       |       |       |       |       ||   194
         Ring mail         |       |       |       |   203 |   191 |       |       |       |       ||   394
         Acid dragon scale |       |       |       |    18 |    18 |       |       |       |       ||    36
         Quicksilver drago |       |       |       |       |   194 |   163 |   539 |   533 |   137 ||  1566
         Pearl dragon scal |       |       |       |       |       |       |       |       |   137 ||   137
         Skin              |       |       |       |       |       |       |       |       |     2 ||     2
  Dodge: Dodged            |    33 |    28 |    83 |   209 |   595 |   246 |  1176 |  1236 |   708 ||  4314
  Block: Other             |       |    12 |    45 |     8 |   104 |    70 |   172 |       |       ||   411
         Reflection        |       |       |     2 |     6 |     1 |     6 |    15 |       |       ||    30
         Buckler           |       |       |       |   181 |   117 |       |       |       |       ||   298

Illustrated notes

Table legend:
 A = Kills in this place as a percentage of kills in the entire game.
 B = Kills by you in this place as a percentage of kills by you in the entire game.
 C = Kills by friends in this place as a percentage of kills by friends in the entire game.
 D = Other kills in this place as a percentage of other kills in the entire game.
 E = Experience gained in this place as a percentage of experience gained in the entire game.
 F = Experience gained in this place divided by the number of levels of this place that you have seen.
                   A       B       C       D       E      F
               +-------+-------+-------+-------+-------+----------------------
         Total | 100.0 | 100.0 | 100.0 | 100.0 | 100.0 | 24796.6
       Dungeon |  16.9 |  16.7 |  85.7 |  20.0 |   5.8 | 4906.9
        Temple |   0.2 |   0.2 |   0.0 |   0.0 |   0.0 |  12.0
          Lair |  11.1 |  11.1 |   0.0 |   0.0 |   4.1 | 10251.8
        Shoals |  10.3 |  10.3 |   0.0 |   0.0 |   9.7 | 30522.5
     Snake Pit |   8.1 |   8.2 |   0.0 |   0.0 |   7.5 | 23793.0
  Orcish Mines |   3.7 |   3.7 |   0.0 |   0.0 |   1.5 | 9314.5
   Elven Halls |   7.4 |   7.4 |   0.0 |   0.0 |   9.1 | 38264.0
        Vaults |  22.2 |  22.4 |   0.0 |   0.0 |  30.4 | 76764.0
        Depths |  12.5 |  12.4 |   0.0 |  60.0 |  19.9 | 62978.0
           Zot |   3.1 |   3.0 |   0.0 |  20.0 |   9.2 | 23155.2
      Ice Cave |   2.1 |   2.1 |   0.0 |   0.0 |   1.3 | 16435.0
        Wizlab |   2.4 |   2.4 |  14.3 |   0.0 |   1.7 | 21124.0
               +-------+-------+-------+-------+-------+----------------------

Table legend: (Time is in decaauts)
 A = Elapsed time spent in this place.
 B = Non-inter-level travel time spent in this place.
 C = Inter-level travel time spent in this place.
 D = Time resting spent in this place.
 E = Time spent auto-exploring this place.
 F = Levels seen in this place.
 G = Mean time per level.
                   A        B        C        D        E       F      G
               +--------+--------+--------+--------+--------+-----+--------+
         Total |  63227 |  57242 |   5985 |  11829 |  33814 |  51 | 1239.7 |
       Dungeon |  18890 |  16400 |   2490 |   3351 |  10268 |  15 | 1259.3 |
        Temple |     77 |     77 |      0 |     73 |      0 |   1 |   77.0 |
          Lair |   6934 |   6421 |    513 |   1019 |   4100 |   5 | 1386.8 |
        Shoals |   5951 |   5766 |    185 |   1036 |   3577 |   4 | 1487.8 |
     Snake Pit |   5216 |   4694 |    522 |   1162 |   2555 |   4 | 1304.0 |
  Orcish Mines |   2176 |   1879 |    297 |    537 |    982 |   2 | 1088.0 |
   Elven Halls |   4240 |   3901 |    339 |    797 |   2172 |   3 | 1413.3 |
        Vaults |   9942 |   8928 |   1014 |   1800 |   5264 |   5 | 1988.4 |
        Depths |   5641 |   5149 |    492 |   1122 |   2968 |   4 | 1410.2 |
           Zot |   2015 |   1884 |    131 |    309 |   1113 |   5 |  403.0 |
        Bazaar |    109 |    109 |      0 |      0 |     57 |   1 |  109.0 |
      Ice Cave |   1068 |   1068 |      0 |    419 |    370 |   1 | 1068.0 |
        Wizlab |    962 |    962 |      0 |    201 |    387 |   1 |  962.0 |
               +--------+--------+--------+--------+--------+-----+--------+

Top non-repeatable levels by time:
Vaults:1: 2609 daAuts
Vaults:5: 2209 daAuts
Vaults:4: 2048 daAuts
  Lair:5: 2040 daAuts
   Elf:3: 1992 daAuts
    D:13: 1955 daAuts
Vaults:3: 1862 daAuts
Shoals:2: 1789 daAuts
Depths:2: 1787 daAuts
    D:11: 1759 daAuts
 Snake:4: 1697 daAuts
    D:10: 1673 daAuts
     D:6: 1617 daAuts
  Lair:3: 1581 daAuts
Depths:3: 1573 daAuts
